woodfighter, chaotic female human Barbarian ------ -----.|..-------- -............... .............- |.[[......| |.<)).....--- ----........-- --........-- --.@a.....| --.a....-- --....-- ..Z.| ...G- ...> ..... ...... ....... .....- ...... .--.-- -- -- woodfighter the Pillager Experience level: 5 Strength: 17 Dexterity: 18 Constitution: 19 Intelligence: 8 Wisdom: 7 Charisma: 6 Health: 0(57) Energy: 11(11) Def: 3 Gold: 340 Moves: 1428 Dungeon seed: ZoSqauKWXmt2dmpz Game ID: woodfighter_1446035700 Your Inventory: Coins $ - 340 gold pieces Weapons a - a +0 axe (weapon in hand) b - a +0 two-handed sword (alternate weapon; not wielded) s - 5 +0 daggers Armor e - an uncursed +0 ring mail (being worn) l - an uncursed +0 dwarvish iron helm m - an uncursed +0 pair of iron shoes q - an uncursed +0 dwarvish cloak r - an uncursed +0 dwarvish iron helm w - a blessed +0 dwarvish cloak y - an uncursed +0 dwarvish mithril-coat z - an uncursed +0 pair of iron shoes C - an uncursed +0 dwarvish cloak D - an uncursed +0 dwarvish iron helm E - an uncursed +0 dwarvish mithril-coat M - an uncursed +0 dwarvish cloak Y - a blessed +1 dwarvish cloak Comestibles c - an uncursed food ration j - 3 uncursed lichen corpses t - an uncursed carrot Scrolls d - a cursed scroll of light k - an uncursed scroll of scare monster I - 2 uncursed scrolls of blank paper J - a blessed scroll of blank paper Spellbooks i - an uncursed spellbook of detect food Potions f - an uncursed potion of healing g - an uncursed potion of confusion L - an uncursed potion of sickness Rings K - an uncursed ring of regeneration Tools o - 3 uncursed tallow candles (0:200) x - a +0 pick-axe H - an uncursed blindfold Gems n - an uncursed garnet stone p - an uncursed worthless piece of red glass v - an uncursed aquamarine stone A - an uncursed opal B - 2 uncursed worthless pieces of yellowish brown glass N - an uncursed topaz stone Spells and supernatural/magical abilities: Name Level Category Fail Memory W - pray for help -- divine ? -- Your skills at the end: Miscellaneous Skills bare handed combat [Basic] Weapon Skills axe [Skilled] two-handed sword [Basic] Spellcasting Skills Final Attributes: You were piously aligned. You were poison resistant. You were lucky. You are dead. Vanquished creatures: a dwarf lord a shrieker 3 gnome lords a gnomish wizard a paper golem a little dog 6 dwarves a hobbit 2 geckos 2 giant rats a red mold 19 gnomes 2 jackals a fox 3 newts a goblin a sewer rat 2 grid bugs 4 lichens 4 kobold zombies 57 creatures vanquished. Voluntary challenges: You did not adorn yourself with jewelry or accessories. You used a wielded weapon 81 times, starting on turn 51. You did not use containers. You did not apply a unicorn horn. You were illiterate. You never genocided any monsters. You never polymorphed an object. You never changed form. You used no wishes. You never split a pudding. You never wrote Elbereth's name. You never violated your personal moral code. Dungeon overview: The Dungeons of Doom: levels 1 to 3 Level 1 (vault) a sink a long staircase Level 2 stairs to The Gnomish Mines Level 3 The Gnomish Mines: levels 3 to 5 Level 3 stairs to The Dungeons of Doom Level 4 Level 5 <- You were here History has recorded: On T:1 you entered the Dungeons of Doom to retrieve the Amulet of Yendor! On T:134 you reached level 2 of The Dungeons of Doom. On T:390 you advanced to experience level 2. On T:490 you reached level 1 of The Gnomish Mines. On T:563 you reached level 3 of The Dungeons of Doom. On T:809 you advanced to experience level 3. On T:914 you reached level 2 of The Gnomish Mines. On T:956 you advanced to experience level 4. On T:1027 you advanced to experience level 5. On T:1077 you reached level 3 of The Gnomish Mines. Score breakdown: Gold: 340 ( 34 points) Experience: 5 levels ( 400 points) Exploration: 5 levels ( 120 points) Discoveries: 2 items ( 100 points) Variety of kills: 20 monsters ( 1000 points) Major goal: (nothing yet) ( 0 points) Survival: died (score multiplied by 3) Total score: 4962 Latest messages: The dwarf wields a dwarvish short sword! The dwarf swings his dwarvish mattock. The dwarf hits you! The dwarf thrusts his dwarvish short sword. The dwarf stabs you! You can move again. You swing your axe in a wide arc. You smite the giant ant! The giant ant bites! (3x) You die... Final status: Goodbye woodfighter the Barbarian, killed by a giant ant... You died in The Gnomish Mines on dungeon level 5 with 4962 points, and 340 pieces of gold, after 1428 moves. You were level 5 with a maximum of 57 hit points when you died.